 Dungeon Crawl Stone Soup version 0.22.0-2-ge58baed0e8 (webtiles) character file.

697 Jorund the Magician (level 7, -7/32 HPs)
             Began as a Vine Stalker Ice Elementalist on Aug 12, 2018.
             Mangled by Prince Ribbit (16 damage)
             ... on level 5 of the Dungeon.
             The game lasted 00:13:31 (3755 turns).

Jorund the Magician (Vine Stalker Ice Elementalist) Turns: 3755, Time: 00:13:31

Health: -7/32      AC:  5    Str: 13    XL:     7   Next: 65%
Magic:  0/17       EV: 12    Int: 17    God:
Gold:   218        SH:  0    Dex: 15    Spells: 15/18 levels left

rFire    . . .     SeeInvis .   h - +1 dagger
rCold    x . .     Gourm    .   (no shield)
rNeg     . . .     Faith    .   a - +0 robe
rPois    +         Spirit   +   (no helmet)
rElec    .         Reflect  .   b - +1 cloak
rCorr    .         Harm     .   t - +0 pair of gloves of Udatisus {rPois rC- Str+3} (curse)
MR       +....                  (no boots)
Stlth    ++........             (no amulet)
HPRegen  0.50/turn              e - ring of protection from magic
MPRegen  0.15/turn              l - +6 ring of slaying

@: no status effects
A: fangs 2, regeneration 1, magic shield, antimagic bite, no potion heal 3, rot
immunity
a: no special abilities


You were on level 5 of the Dungeon.
You were not hungry.

You visited 1 branch of the dungeon, and saw 6 of its levels.

You collected 218 gold pieces.

Inventory:

Hand Weapons
 h - a +1 dagger (weapon)
Missiles
 g - 2 needles of frenzy
 p - 2 curare-tipped needles
Armour
 a - a +0 robe (worn)
 b - a +1 cloak (worn)
 t - the cursed +0 pair of gloves of Udatisus (worn) {rPois rC- Str+3}
   (You found it on level 4 of the Dungeon)

   It affects your strength (+3).
   It makes you vulnerable to cold.
   It protects you from poison.
   It has a curse placed upon it.
Jewellery
 d - an uncursed ring of fire
 e - a ring of protection from magic (left hand)
 l - a +6 ring of slaying (right hand)
Wands
 s - a wand of acid (9)
Scrolls
 f - 5 scrolls of teleportation
 i - a scroll of enchant armour
 m - a scroll of amnesia
 r - a scroll of magic mapping
 w - a scroll of remove curse
Potions
 j - 3 potions of curing
 k - 2 potions of flight {unknown}
 n - a potion of degeneration {unknown}
 o - a potion of agility {unknown}
 q - a potion of resistance {unknown}
 u - a potion of haste {unknown}
Comestibles
 c - 10 rations
 v - 7 chunks of flesh


   Skills:
 + Level 2.3 Short Blades
 - Level 1.5 Dodging
 - Level 2.4 Stealth
 + Level 6.0 Spellcasting
 + Level 1.6 Conjurations
 + Level 5.6 Ice Magic


You had 15 spell levels left.
You knew the following spells:

 Your Spells              Type           Power        Failure   Level  Hunger
a - Freeze                Ice            ###.         1%          1    None
b - Throw Frost           Conj/Ice       ###...       4%          2    None

Your spell library contained the following spells:

 Spells                   Type           Power        Failure   Level  Hunger
 Summon Ice Beast         Ice/Summ       ##......     36%         4    ####...
 Ozocubu's Armour         Chrm/Ice       ##......     12%         3    ##.....
 Throw Icicle             Conj/Ice       ###.....     28%         4    ####...


Dungeon Overview and Level Annotations

Branches:
Dungeon (6/15)
 Temple: D:4-7

Altars:
Cheibriados
Dithmenos
Hepliaklqana
Kikubaaqudgha
Makhleb
Nemelex Xobeh
Qazlal
Trog
Vehumet
Yredelemnul

Shops:
D:5 %

Annotations:
D:5 Edmund, Prince Ribbit


Innate Abilities, Weirdness & Mutations

You have extremely sharp teeth.
Your natural rate of healing is unusually fast.
When hurt, damage is shared between your health and your magic reserves.
Your bite disrupts and absorbs the magic of your enemies.
Potions cannot restore your health.
You are immune to rotting.


Message History

Prince Ribbit barely misses you. Prince Ribbit hits you.
* * * LOW HITPOINT WARNING * * *
Prince Ribbit blinks!
Prince Ribbit blinks!
Prince Ribbit winks and puckers his lips.
Casting: Freeze (safe; 1% risk of failure)
Confirm with . or Enter, or press ? or * to list all spells.
Aiming: Throw Frost (safe; 4% risk of failure)
Press: ? - help, Shift-Dir - straight line, f/p - Prince Ribbit
Aim: Prince Ribbit (moderately wounded)
The puff of frost hits Prince Ribbit.
Prince Ribbit is heavily wounded.
Evoke which item? (* to show all) (? for menu, Esc to quit)
Aiming: Corrosive Bolt
Press: ? - help, Shift-Dir - straight line, f/p - Prince Ribbit
Aim: Prince Ribbit (heavily wounded)
The bolt of acid misses Prince Ribbit.
Prince Ribbit hits you!
Ouch! That really hurt!
You die...

### ##.###########.###....#
........... .......#..####
........... .⌠.⌠#.......#
##.###########.∩.#...#...###
..............⌠.⌠..........
##.................#._.#.#
##....####.#.#...........######
...##.# #..@....#.........
#####.# #...F..../..#
#####.####.#.#..##.#...#.# ##
.............#..##.#...#.# .
##.##.####...#..##.#...#.# .#
#...............##.#...#.# ..##.
#..##........#..##.#...#.##......
................##.#.).#.........
#..##........#..##.#...#.........


You could see Prince Ribbit.

Vanquished Creatures
  Sigmund (D:3)
  An ogre (D:4)
  A howler monkey (D:5)
  2 crimson imps (D:5)
  A jelly (D:5)
  An orc priest (D:5)
  An iguana (D:4)
  Jessica (D:3)
  Terence (D:2)
  2 worker ants
  A howler monkey skeleton (D:5)
  6 adders
  A shadow imp (D:4)
  A worm (D:2)
  4 leopard geckos
  8 orcs
  3 giant cockroaches (D:1)
  6 goblins
  8 hobgoblins
  10 jackals
  5 kobolds
  2 quokkas (D:3)
  A ball python (D:1)
  10 bats
  6 frilled lizards
  A leopard gecko skeleton (D:4)
  A quokka skeleton (D:5)
  5 rats
91 creatures vanquished.

Notes
Turn   | Place    | Note
-------+----------+-------------------------------------------
     0 | D:1      | Jorund the Vine Stalker Ice Elementalist began the quest for the Orb.
     0 | D:1      | Reached XP level 1. HP: 9/9 MP: 4/4
   222 | D:1      | Reached XP level 2. HP: 13/13 MP: 3/6
   815 | D:1      | Reached XP level 3. HP: 16/16 MP: 5/8
  1014 | D:1      | Reached skill level 3 in Spellcasting
  1193 | D:2      | Learned a level 2 spell: Throw Frost
  1197 | D:2      | Noticed Terence
  1520 | D:2      | Found a basalt altar of Yredelemnul.
  1577 | D:2      | Killed Terence
  1577 | D:2      | Gained mutation: Your natural rate of healing is unusually fast. [Vine Stalker growth]
  1577 | D:2      | Reached XP level 4. HP: 21/21 MP: 1/10
  1778 | D:3      | Noticed Sigmund
  1846 | D:3      | You fall through a shaft for 3 floors!
  1941 | D:5      | Entered Level 5 of the Dungeon
  1948 | D:5      | Reached XP level 5. HP: 19/24 MP: 3/11
  2019 | D:4      | Reached skill level 4 in Spellcasting
  2088 | D:3      | Found a bloodstained altar of Trog.
  2092 | D:3      | Found a sparkling altar of Nemelex Xobeh.
  2094 | D:3      | Found a hazy altar of Hepliaklqana.
  2094 | D:3      | Found an ancient bone altar of Kikubaaqudgha.
  2095 | D:3      | Found a snail-covered altar of Cheibriados.
  2096 | D:3      | Found a burning altar of Makhleb.
  2099 | D:3      | Found a stormy altar of Qazlal.
  2248 | D:3      | Found a faded altar of an unknown god.
  2299 | D:3      | Noticed Jessica
  2303 | D:3      | Killed Jessica
  2303 | D:3      | Reached skill level 1 in Short Blades
  2432 | D:3      | Killed Sigmund
  2432 | D:3      | Reached XP level 6. HP: 19/28 MP: 6/14
  2736 | D:4      | Reached skill level 5 in Spellcasting
  2736 | D:4      | Reached skill level 5 in Ice Magic
  2826 | D:4      | Reached XP level 7. HP: 32/32 MP: 2/16
  3018 | D:4      | Got a pair of distressingly furry gloves
  3040 | D:4      | Identified the cursed +0 pair of gloves of Udatisus {rPois rC- Str+3} (You found it on level 4 of the Dungeon)
  3081 | D:4      | Found a shadowy altar of Dithmenos.
  3376 | D:5      | Noticed Edmund
  3509 | D:5      | Noticed Prince Ribbit
  3591 | D:5      | Reached skill level 6 in Spellcasting
  3709 | D:5      | Found a radiant altar of Vehumet.
  3711 | D:5      | Found Pirivet's Food Emporium.
  3729 | D:5      | HP: 1/32 [Prince Ribbit (12)]
  3739 | D:5      | HP: 1/32 [Prince Ribbit (5)]
  3755 | D:5      | Mangled by Prince Ribbit

Skill      XL: |  1  2  3  4  5  6  7 |
---------------+----------------------+-----
Spellcasting   | 3 4 5 6 |  6.0
Ice Magic      | 4 5 |  5.6
Short Blades   | 1 2 |  2.3
Dodging        | |  1.5
Stealth        | |  2.4
Conjurations   | |  1.6

Action                   |  1- 3 |  4- 6 |  7- 9 || total
-------------------------+-------+-------+-------++-------
Melee: Unarmed           |     2 |       |       ||     2
       Short sword       |    31 |       |       ||    31
       Bite              |     4 |     4 |    12 ||    20
       Dagger            |       |    40 |    40 ||    80
 Cast: Freeze            |    52 |    19 |    10 ||    81
       Throw Frost       |     5 |     8 |    15 ||    28
Evoke: Wand              |       |       |     1 ||     1
  Use: Scroll            |     4 |     4 |     2 ||    10
 Stab: Sleeping          |       |     2 |     1 ||     3
  Eat: Chunk             |     2 |     5 |     3 ||    10
Armor: Robe              |    22 |    15 |     4 ||    41
Dodge: Dodged            |    74 |    32 |    18 ||   124
